 Dungeon Crawl Stone Soup version 0.19.0-11-g3fc08b3 (webtiles) character file.

7661 kilppis the Blocker (level 11, -7/68 HPs)
             Began as a Gargoyle Fighter on Nov 9, 2016.
             Was an Elder of Okawaru.
             Killed by divine providence
             ... invoked by an orc priest
              (12 damage)
             ... on level 11 of the Dungeon.
             The game lasted 00:31:42 (8266 turns).

kilppis the Blocker (Gargoyle Fighter)              Turns: 8266, Time: 00:31:43

Health: -7/68      AC: 23    Str: 22    XL:     11   Next: 18%
Magic:  12/12      EV:  5    Int: 14    God:    Okawaru [****..]
Gold:   471        SH: 17    Dex:  9    Spells: 0 memorised, 10 levels left

rFire  . . .     SeeInvis .     a - +0 flail
rCold  . . .     Gourm    .     O - +0 plate armour
rNeg   + . .     Faith    .     h - +0 large shield
rPois  ∞         Spirit   .     E - +0 helmet
rElec  +         Reflect  .     (no cloak)
rCorr  .         Harm     .     J - +1 pair of gloves
MR     .....                    (no boots)
Stlth  ..........               (no amulet)
                                A - +4 ring of intelligence
                                s - ring of wizardry

@: no status effects
A: negative energy resistance 1, electricity resistance, unbreathing,
petrification resistance, rot immunity, AC +7
a: Heroism, Renounce Religion


You were on level 11 of the Dungeon.
You worshipped Okawaru.
Okawaru was greatly pleased with you.
You were hungry.

You visited 1 branch of the dungeon, and saw 10 of its levels.

You collected 471 gold pieces.

Inventory:

Hand Weapons
 a - a +0 flail (weapon)
 L - a +0 mace of draining
 N - a +1 antimagic short sword
Armour
 h - a +0 large shield (worn)
 E - a +0 helmet (worn)
 I - a +0 chain mail of poison resistance
 J - a +1 pair of gloves (worn)
 O - a +0 plate armour (worn)
Jewellery
 b - an uncursed ring of see invisible {unknown}
 s - a ring of wizardry (left hand)
 v - an uncursed ring of protection from fire {unknown}
 A - a +4 ring of intelligence (right hand)
 K - an uncursed ring of fire {unknown}
Wands
 B - a wand of lightning (8/15)
 G - a wand of iceblast (6/15)
 H - a wand of paralysis (11/24)
Scrolls
 e - 3 scrolls of fear {unknown}
 g - 4 scrolls of remove curse {unknown}
 i - 2 scrolls of teleportation {unknown}
 j - 9 scrolls of identify {unknown}
 m - 3 scrolls of immolation {unknown}
 q - 2 scrolls of blinking {unknown}
 t - 2 scrolls of recharging {unknown}
 u - a scroll of amnesia {unknown}
 y - 3 scrolls of enchant armour {unknown}
 C - 3 scrolls of enchant weapon {unknown}
Potions
 c - 2 potions of degeneration {unknown}
 d - a potion of might
 k - 2 potions of lignification {unknown}
 n - 2 potions of ambrosia {unknown}
 o - 2 potions of flight {unknown}
 p - a potion of brilliance {unknown}
 x - a potion of haste {unknown}
 z - a potion of heal wounds {unknown}
 D - a potion of mutation {unknown}
 F - a potion of magic {unknown}
 M - a potion of beneficial mutation {unknown}
Books
 w - a book of Cantrips

   Spells                             Type                      Level
   a - Confusing Touch                Hexes                        1
   b - Animate Skeleton               Necromancy                   1
   c - Summon Small Mammal            Summoning                    1
   d - Apportation                    Translocation                1
Comestibles
 f - 4 bread rations
 l - 3 meat rations
 r - 2 beef jerkies


   Skills:
 + Level 7.8 Fighting
 + Level 10.4 Maces & Flails
 + Level 6.4 Armour
 + Level 3.9 Dodging
 + Level 0.2 Stealth
 + Level 10.7 Shields
 + Level 1.6 Invocations


You had 10 spell levels left.
You didn't know any spells.

Dungeon Overview and Level Annotations

Branches:
Dungeon (11/15)            Temple (0/1) D:5            Lair (0/6) D:9
    Orc (0/2) D:10

Altars:
Dithmenos
Makhleb
Okawaru
Trog
Yredelemnul

Annotations:
D:5 Prince Ribbit


Innate Abilities, Weirdness & Mutations

You are resistant to torment.
Your stone body is resilient. (AC +7)
You are immune to poison.
You resist negative energy. (rN+)
You are resistant to electric shocks. (rElec)
You can survive without breathing.
You are immune to petrification.
You are immune to rotting.


Message History

Beogh smites you!
The purple ugly thing kicks you but does no damage.
You barely miss the purple ugly thing.
The purple ugly thing is moderately wounded.
The orc priest mumbles some strange prayers to Beogh against you.
Beogh smites you!
The orc priest calls down the wrath of Beogh upon you.
Beogh smites you!
* * * LOW HITPOINT WARNING * * *
The purple ugly thing kicks you.
* * * LOW HITPOINT WARNING * * *
The sky beast flickers out of sight!
Deactivating autopickup; reactivate with Ctrl-A.
The purple ugly thing kicks you!
* * * LOW HITPOINT WARNING * * *
A sky beast appears from thin air!
Reactivating autopickup.
The orc priest invokes the aid of Beogh against you.
Beogh smites you!
You die...

###'####### .. #.#...#.#
#.####### #.#.#.###.# #.......#
#...#.....#
#########.#############..#######
..............##...............#
..............##...............#
..............#................#
..........o...#........<.......#
..........o.Y..u@....).........#
..............##...............#
..............##>..............#
###########.####...^...........#
#..# #...............# #.##
##########+###### .. ###


You could see a purple ugly thing, a sky beast, an orc priest and an orc.

Vanquished Creatures
  3 hill giants
  3 trolls
  2 two-headed ogres (D:8)
  A hippogriff (D:10)
  6 yaks (D:9)
  A hungry ghost (D:10)
  3 ice beasts
  A sky beast (D:8)
  2 orc warriors (D:10)
  An ogre (D:8)
  3 phantoms
  A necrophage (D:10)
  6 centaurs
  3 big kobolds
  6 bullfrogs
  A wyvern skeleton (D:10)
  4 scorpions
  2 howler monkeys
  4 crimson imps
  2 bullfrog zombies
  3 jellies
  3 centaur zombies
  3 orc priests
  7 hounds
  2 orc wizards
  3 bullfrog skeletons
  A centaur skeleton (D:8)
  3 iguanas
  6 worker ants
  2 hound zombies (D:5)
  2 hound skeletons
  2 worker ant zombies
  13 adders
  A shadow imp (D:5)
  5 adder skeletons
  An adder zombie (D:5)
  6 worms
  A dart slug (D:2)
  3 leopard geckos
  40 orcs
  4 bats
  5 giant cockroaches
  7 hobgoblins
  4 jackals (D:5)
  3 quokkas
  2 ball pythons
  5 frilled lizards
  13 goblins
  A jackal zombie (D:5)
  19 kobolds
  2 leopard gecko zombies
  7 rats
234 creatures vanquished.

Notes
Turn   | Place    | Note
-------+----------+-------------------------------------------
     0 | D:1      | kilppis the Gargoyle Fighter began the quest for the Orb.
     0 | D:1      | Reached XP level 1. HP: 14/14 MP: 1/1
    50 | D:1      | Reached XP level 2. HP: 19/19 MP: 2/2
   396 | D:2      | Reached XP level 3. HP: 13/23 MP: 3/3
   644 | D:2      | Reached XP level 4. HP: 26/29 MP: 4/4
  1366 | D:3      | Reached XP level 5. HP: 31/33 MP: 5/5
  1956 | D:4      | Reached XP level 6. HP: 35/38 MP: 6/6
  2222 | D:4      | Found an iron altar of Okawaru.
  2230 | D:4      | Became a worshipper of Warmaster Okawaru
  2346 | D:5      | Entered Level 5 of the Dungeon
  2361 | D:5      | Reached skill level 1 in Dodging
  2361 | D:5      | Reached skill level 5 in Shields
  2525 | D:5      | Reached XP level 7. HP: 29/44 MP: 7/7
  2752 | D:5      | Found a staircase to the Ecumenical Temple.
  2820 | D:5      | Noticed Prince Ribbit
  3071 | D:5      | Reached * piety under Okawaru
  3104 | D:5      | Reached skill level 5 in Maces & Flails
  3104 | D:5      | Reached XP level 8. HP: 41/48 MP: 8/8
  3370 | D:5      | Found a basalt altar of Yredelemnul.
  3728 | D:6      | Reached skill level 5 in Armour
  3737 | D:6      | Reached skill level 5 in Fighting
  3898 | D:6      | Reached ** piety under Okawaru
  3947 | D:6      | You fall through a shaft for 2 floors!
  3967 | D:8      | Found a shadowy altar of Dithmenos.
  4067 | D:8      | Reached XP level 9. HP: 22/54 MP: 6/9
  4798 | D:8      | Noticed a two-headed ogre
  4810 | D:8      | Killed a two-headed ogre
  5203 | D:8      | Noticed a two-headed ogre
  5216 | D:8      | Killed a two-headed ogre
  5599 | D:9      | Found a staircase to the Lair.
  5607 | D:9      | Found a burning altar of Makhleb.
  5905 | D:9      | Reached *** piety under Okawaru
  5905 | D:9      | Reached XP level 10. HP: 43/61 MP: 8/10
  5920 | D:9      | Reached skill level 1 in Invocations
  6388 | D:10     | Entered Level 10 of the Dungeon
  7151 | D:10     | Noticed a hill giant
  7192 | D:9      | Killed a hill giant
  7192 | D:9      | Reached **** piety under Okawaru
  7427 | D:9      | Reached skill level 10 in Shields
  7525 | D:10     | Noticed a hill giant
  7537 | D:10     | Killed a hill giant
  7662 | D:10     | Reached skill level 10 in Maces & Flails
  7694 | D:10     | Found a staircase to the Orcish Mines.
  7805 | D:10     | Reached XP level 11. HP: 67/67 MP: 12/12
  7936 | D:11     | Found a bloodstained altar of Trog.
  8215 | D:11     | Noticed a purple ugly thing
  8216 | D:11     | Noticed a hill giant
  8227 | D:11     | Killed a hill giant
  8256 | D:11     | HP: 3/68 [purple ugly thing (11)]
  8266 | D:11     | Killed from afar by an orc priest

Skill      XL: |  1  2  3  4  5  6  7  8  9 10 |
---------------+-------------------------------+-----
Maces & Flails | 3 4 5 6 8 10 | 10.4
Shields        | 4 5 6 7 9 10 | 10.7
Armour         | 4 5 6 |  6.4
Fighting       | 4 5 6 7 |  7.8
Dodging        | 1 2 3 |  3.9
Invocations    | 1 |  1.6
Stealth        | |  0.2

Action                   |  1- 3 |  4- 6 |  7- 9 | 10-12 || total
-------------------------+-------+-------+-------+-------++-------
Melee: Flail             |   108 |   256 |   580 |   516 ||  1460
Invok: Heroism           |       |       |     6 |     9 ||    15
  Use: Potion            |       |       |       |     1 ||     1
  Eat: Pizza             |       |     1 |       |     1 ||     2
       Bread ration      |       |     1 |     3 |     1 ||     5
       Chunk             |       |       |     1 |     1 ||     2
       Beef jerky        |       |       |       |     1 ||     1
Armor: Scale mail        |    64 |   122 |   200 |       ||   386
       Chain mail        |       |       |    14 |   136 ||   150
       Plate armour      |       |       |       |    64 ||    64
Dodge: Dodged            |    49 |    54 |    94 |    78 ||   275
Block: Shield            |    71 |    31 |       |       ||   102
       Large shield      |       |   177 |   510 |   459 ||  1146
